 Dungeon Crawl Stone Soup version 0.28-a0-1616-g050a50673c (webtiles) character file.

Game seed: 14323624500503422465

49 fragbeetle the Chiller (level 3, -2/26 HPs)
             Began as a Merfolk Ice Elementalist on Jan 23, 2022.
             Killed from afar by an orc wizard (5 damage)
             ... with a magic dart
             ... on level 3 of the Dungeon.
             The game lasted 00:04:03 (2525 turns).

fragbeetle the Chiller (Merfolk Ice Elementalist)   Turns: 2525, Time: 00:04:05

Health: -2/26      AC:  2    Str:  8    XL:     3   Next: 77%
Magic:  0/6        EV: 13    Int: 14    God:
Gold:   91         SH:  0    Dex: 16    Spells: 2/6 levels left

rFire   . . .      SeeInvis .   m - +0 spear
rCold   . . .      Faith    .   (no shield)
rNeg    . . .      Spirit   .   a - +0 robe
rPois   .          Reflect  .   (no helmet)
rElec   .          Harm     .   (no cloak)
rCorr   .          Rampage  .   (no gloves)
Will    .....                   (no boots)
Stlth   ++........              d - amulet of the acrobat
HPRegen 0.08/turn               (no ring)
MPRegen 0.10/turn               (no ring)

@: freezing walls
A: (nimble swimmer 2), mertail
a: no special abilities


You were on level 3 of the Dungeon.
You visited 1 branch of the dungeon, and saw 3 of its levels.

You collected 91 gold pieces.

Inventory:

Hand Weapons
 f - a +0 club
 j - a +0 mace
 m - a +0 spear (weapon)
Armour
 a - a +0 robe (worn)
Jewellery
 d - an amulet of the acrobat (around neck)
Scrolls
 g - a scroll of noise {unknown}
 i - a scroll of torment {unknown}
Potions
 b - a potion of heal wounds
 e - a potion of brilliance {unknown}
 h - a potion of attraction {unknown}
 k - a potion of lignification {unknown}
 l - a potion of resistance {unknown}


   Skills:
 + Level 1.3 Fighting
 * Level 0.5 Polearms
 - Level 3.2 Dodging
 + Level 2.8 Stealth
 - Level 2.0 Spellcasting
 * Level 5.0 Ice Magic


You had 2 spell levels left.
You knew the following spells:

 Your Spells              Type           Power      Damage    Failure   Level
a - Freeze                Ice            60%        1d8       3%          1
b - Frozen Ramparts       Ice            30%        1d5       9%          3

Your spell library contained the following spells:

 Spells                   Type           Power      Damage    Failure   Level
 Ozocubu's Armour         Ice            15%        N/A       9%          3
 Call Canine Familiar     Summ           1%         N/A       56%         3
 Portal Projectile        Hex/Tloc       2%         N/A       56%         3
 Hailstorm                Conj/Ice       8%         3d4       63%         4
 Leda's Liquefaction      Hex/Erth       0%         N/A       93%         4
 Ozocubu's Refrigeration  Ice            7%         4d6       100%        7


Dungeon Overview and Level Annotations

Branches:
Dungeon (3/15)

Altars:


Innate Abilities, Weirdness & Mutations

((You are very nimble when in or above water. (Stealth+, EV+, Speed+++)))
Your lower body shifts to a powerful aquatic tail in water.


Message History

It was a potion of heal wounds.
You feel much better. Something hits you. The orc priest misses you.
You're too confused to cast spells.
It was a potion of curing.
You feel better. Something hits you.
The orc priest hits you with a +0 dagger.
You barely miss the orc priest.
The orc priest is moderately wounded.
Something hits you.
The orc priest hits you with a +0 dagger.
Casting: Freeze (safe; 3% risk of failure)
Confirm with . or Enter, or press ? or * to list all spells.
Aiming: Freeze (safe; 3% risk of failure)
Press: ? - help, Shift-Dir - straight line, f/p - orc priest
Aim: an orc priest, wielding a +0 dagger and wearing a +0 leather armour (moderately wounded)
You freeze the orc priest.
The orc priest is severely wounded.
Something hits you.
The orc priest calls down the wrath of Beogh upon you.
Beogh smites you!
* * * LOW HITPOINT WARNING * * *
Casting: Freeze (safe; 3% risk of failure)
Confirm with . or Enter, or press ? or * to list all spells.
Aiming: Freeze (safe; 3% risk of failure)
Press: ? - help, Shift-Dir - straight line, f/p - orc priest
Aim: an orc priest, wielding a +0 dagger and wearing a +0 leather armour (severely wounded)
You freeze the orc priest.
The orc priest is severely wounded.
Something hits you.
* * * LOW HITPOINT WARNING * * *
Casting: Freeze (safe; 3% risk of failure)
Confirm with . or Enter, or press ? or * to list all spells.
The spell is quite dangerous to miscast (9% risk of failure)!
Continue anyway?
Casting: Frozen Ramparts (quite dangerous; 9% risk of failure)
Press: ? - help, Dir - look around, f - activate The walls around you are covered in ice.
The wall freezes the orc.
The wall freezes something.
You hear some strange, mumbled words.
A magic dart appears from out of thin air!
The magic dart hits you.
You die...

#......# ## ####
#......# .## ##>.#
#......# ..#
##...# #......#
#.# #..#.#
#......# #.#
#.##.# ##......#
#.###.##.#
#.......#
...##.##.#
#.oo....#
.........#
#.#@#####
.........# ###.#{#
.........###.....#
.........#.....###
...........#..##
.............##
...####...{...#
...#...........#
.....###..####...#


You could see an orc priest and an orc.

Vanquished Creatures
  A worm (D:2)
  An orc (D:3)
  7 endoplasms
  3 giant cockroaches
  3 hobgoblins
  6 jackals
  2 quokkas (D:1)
  7 ball pythons
  3 bats
  A frilled lizard (D:1)
  3 kobolds
  3 rats
40 creatures vanquished.

Notes
Turn   | Place    | Note
-------+----------+-------------------------------------------
     0 | D:1      | fragbeetle the Merfolk Ice Elementalist began the quest for
                  | the Orb.
     0 | D:1      | Reached XP level 1. HP: 13/13 MP: 3/3
   244 | D:1      | Reached XP level 2. HP: 20/20 MP: 1/5
   967 | D:1      | Found a faded altar of an unknown god.
  1222 | D:2      | Reached skill level 1 in Fighting
  1233 | D:2      | Reached XP level 3. HP: 21/26 MP: 2/6
  1358 | D:2      | Learned a level 3 spell: Frozen Ramparts
  2404 | D:3      | Reached skill level 5 in Ice Magic
  2525 | D:3      | Killed from afar by an orc wizard

Illustrated notes

Levels and vault maps discovered:
D:1:      saegor_arrival_under_anarchy, layout_basic, basic_ecumenical_altar
D:2:      layout_basic
D:3:      layout_rooms

Skill      XL: |  1  2  3 |
---------------+----------+-----
Dodging        | 3 |  3.2
Fighting       | 1 |  1.3
Ice Magic      | 5 |  5.0
Polearms       | |  0.5
Stealth        | |  2.8
Spellcasting   | |  2.0

Action                   || total
-------------------------++-------
Melee: Unarmed           ||    12
       Club              ||     5
       Mace              ||    24
       Spear             ||    12
 Cast: Freeze            ||    55
       Frozen Ramparts   ||     1
  Use: Potion            ||     2
 Stab: Sleeping          ||     3
Armor: Robe              ||     8
Dodge: Dodged            ||    77

Table legend: (Time is in decaauts)
 A = Elapsed time spent in this place.
 B = Non-inter-level travel time spent in this place.
 C = Inter-level travel time spent in this place.
 D = Time resting spent in this place.
 E = Time spent auto-exploring this place.
 F = Levels seen in this place.
 G = Mean time per level.
                   A        B        C        D        E       F      G
               +--------+--------+--------+--------+--------+-----+--------+
         Total |   2535 |   2497 |     38 |    490 |   1563 |   3 |  845.0 |
       Dungeon |   2535 |   2497 |     38 |    490 |   1563 |   3 |  845.0 |
               +--------+--------+--------+--------+--------+-----+--------+

Top non-repeatable levels by time:
     D:2: 1211 daAuts
     D:1: 1131 daAuts
     D:3: 192 daAuts
